 Dungeon Sprint DCSS version 0.29-a0-775-g4d7333d4e2 (webtiles) character file.

Game seed: 6867213970915516301

5079 mhtbhm the Eclecticist (level 10, 0/52 HPs)
             Began as a Deep Elf Summoner on July 1, 2022.
             Was a High Priest of Sif Muna.
             Slain by a redback (4 damage)
             ... in the Dungeon (Sprint III: "The Ten Rune Challenge").
             The game lasted 00:07:17 (2543 turns).

mhtbhm the Eclecticist (Deep Elf Summoner)          Turns: 2543, Time: 00:07:18

Health: 0/52       AC:  2    Str:  5    XL:     10   Next: 31%
Magic:  19/35      EV: 14    Int: 23    God:    Sif Muna [*****.]
Gold:   55         SH:  0    Dex: 17    Spells: 27/47 levels left

rFire   . . .      SeeInvis .     - Unarmed
rCold   . . .      Faith    .   (no shield)
rNeg    . . .      Spirit   .   a - +0 robe
rPois   .          Reflect  .   (no helmet)
rElec   .          Harm     .   (no cloak)
rCorr   .          Rampage  .   (no gloves)
Will    +....      NoTele   +   (no boots)
Stlth   ++++......              (no amulet)
HPRegen 0.17/turn               (no ring)
MPRegen 0.24/turn               (no ring)

@: no status effects
A: no striking features
a: Renounce Religion, Channel Magic, Forget Spell, Divine Exegesis


You were in the Dungeon.
You worshipped Sif Muna.
Sif Muna was extremely pleased with you.
You visited 1 branch You collected 55 gold pieces.

Inventory:

Armour
 a - a +0 robe (worn)
Scrolls
 f - a scroll of torment {unknown}
 i - 3 scrolls of identify
 j - a scroll of immolation {unknown}
Potions
 b - 3 potions of magic
 e - a potion of haste
 g - a potion of lignification {unknown}
 h - a potion of flight {unknown}
 k - 3 potions of might
 l - 5 potions of mutation
Miscellaneous
 d - a phial of floods


   Skills:
 + Level 1.0 Fighting
 + Level 4.7 Dodging
 + Level 6.7 Stealth
 + Level 3.4 Unarmed Combat
 + Level 19.4 Spellcasting
 + Level 8.0 Hexes
 + Level 17.1 Summonings
 + Level 7.0 Air Magic


You had 27 spell levels left.
You knew the following spells:

 Your Spells              Type           Power      Damage    Failure   Level
a - Summon Small Mammal   Summ           100%       N/A       0%          1
b - Call Imp              Summ           79%        N/A       0%          2
c - Call Canine Familiar  Summ           79%        N/A       0%          3
d - Summon Guardian Gole  Hex/Summ       69%        N/A       1%          3
e - Summon Lightning Spi  Summ/Air       67%        N/A       1%          4
f - Summon Hydra          Summ           39%        N/A       1%          7

Your spell library contained the following spells:

 Spells                   Type           Power      Damage    Failure   Level
 Sandblast                Erth           44%        2d11      2%          1
 Passwall                 Tmut/Erth      18%        N/A       3%          2
 Sublimation of Blood     Necr           22%        N/A       3%          2
 Wereblood                Tmut           22%        N/A       3%          2
 Gell's Gravitas          Tloc           22%        N/A       6%          3
 Stone Arrow              Conj/Erth      44%        3d9       6%          3
 Teleport Other           Tloc           22%        N/A       6%          3
 Dispersal                Tloc           11%        N/A       97%         6


Dungeon Overview and Level Annotations

Branches:
Dungeon (1/1)

Altars:
Cheibriados
Dithmenos
Elyvilon
Fedhas
Gozag
Hepliaklqana
Kikubaaqudgha
Makhleb
Nemelex Xobeh
Okawaru
Qazlal
Ru
Sif Muna
Trog
Uskayaw
Vehumet
Wu Jian
Xom
Yredelemnul
Zin
The Shining One
Beogh
Jiyva
Lugonu


Message History

The lindwurm bites something!
The lindwurm claws something!
The lindwurm claws something.
The forest fire spreads!
Your warg is engulfed in blazing flames.
Your warg dies!
Your warg's corpse disappears in a puff of smoke!
Unknown command.
What are your orders? t - Shout!
Orders for allies: a - Attack new target. r - Retreat! s - Stop attacking. g - Guard the area. f - Follow me.
Anything else - Cancel.
Gang up on whom?
Press: ? - help, Dir - move target, f - you
Okay, then.
You start resting.
Your four-headed hydra disappears in a puff of smoke!
A lindwurm is nearby!
Unknown command.
Casting: Summon Hydra (quite dangerous; 1% risk of failure)
Confirm with . or Enter, or press ? or * to list all spells.
An electric hum fills the air.
The lindwurm roars!
There is an open door here.
The lindwurm attacks as you move away! The lindwurm bites you.
The lindwurm claws you. The lindwurm claws you!
A redback comes into view.
The redback moves out of view.
Unknown command.
The lindwurm breathes flames at you. The blast of flame hits you!!
* * * LOW HITPOINT WARNING * * *
Unknown command.
Okay, then.
Okay, then.
The redback attacks as you move away! The redback closely misses you.
The lindwurm bites your lightning spire but does no damage.
The lindwurm claws your lightning spire but does no damage. x2
The redback bites you.
You die...

.≈≈≈≈≈≈.♣.#...######'#
≈≈≈≈≈≈....#.⌠.#__#...#+##########
≈≈≈≈≈.....#...#__#...#....#.#.#..
≈≈≈.......#)###__#...##.#).#.##.#
..........#..)#__#...'##)#.#.##.#
..........#___#__'...#.).#..#).##
▓▓▓▓▓▓▓▓▓▓▓▓▓▓▓▓▓▓▓▓▓▓▓▓▓▓▓▓▓▓▓▓▓
♣.....♣♣..≈≈≈........≈≈≈.
♣.≈≈≈≈'♣@s.≈≈≈≈≈≈≈≈≈≈≈≈♣♣
+.....#.≈....♣♣♣♣♣♣♣♣♣♣♣♣
♣♣♣♣♣♣#.8.♣.♣.♣ ♣ ###k♣♣♣♣.♣
♣♣♣♣.# ## ♣...## ♣♣.## ♣..§#
♣♣k§#


You could see a lindwurm (ally target), a redback and a friendly lightning spire
(summoned).

Vanquished Creatures
  A human (D)
  A rat (D)
2 creatures vanquished.

Vanquished Creatures (collateral kills)
  Erolcha (D)
  A nameless horror (D)
  A deep elf pyromancer (D)
  2 cane toads (D)
  A rime drake (D)
  A tyrant leech (D)
  A shadow (D)
  2 humans (D)
  3 wandering mushrooms (D)
  3 redbacks (D)
  A spatial vortex (D)
  A swamp drake (D)
  3 two-headed ogres (D)
  A necrophage (D)
  A water elemental (D)
  A jelly (D)
  A wizard (D)
  A necromancer (D)
  A kobold demonologist (D)
  A wolf (D)
  3 rats (D)
31 creatures vanquished.

Vanquished Creatures (others)
  A komodo dragon (D)
  A tyrant leech (D)
  2 two-headed ogres (D)
  A plant (D)
5 creatures vanquished.

Grand Total: 38 creatures vanquished

Notes
Turn   | Place    | Note
-------+----------+-------------------------------------------
     0 | D        | mhtbhm the Deep Elf Summoner began the quest for the Orb.
     0 | D        | Reached XP level 1. HP: 10/10 MP: 6/6
    41 | D        | Reached skill level 5 in Summonings
   275 | D        | Reached skill level 4 in Spellcasting
   275 | D        | Reached XP level 2. HP: 9/15 MP: 5/9
   534 | D        | Learned a level 2 spell: Call Imp
   550 | D        | Reached XP level 3. HP: 15/19 MP: 4/11
   583 | D        | Learned a level 3 spell: Call Canine Familiar
   587 | D        | Learned a level 3 spell: Summon Guardian Golem
   624 | D        | Noticed a water elemental
   637 | D        | Killed a water elemental
   638 | D        | Reached skill level 1 in Unarmed Combat
   638 | D        | Reached skill level 6 in Spellcasting
   638 | D        | Reached XP level 4. HP: 24/24 MP: 5/14
   706 | D        | Learned a level 4 spell: Summon Lightning Spire
   717 | D        | Found a basalt altar of Yredelemnul.
   717 | D        | Found a shadowy altar of Dithmenos.
   717 | D        | Found a sacrificial altar of Ru.
   717 | D        | Noticed a necrophage
   731 | D        | Killed a necrophage
   732 | D        | Reached skill level 7 in Spellcasting
   732 | D        | Reached XP level 5. HP: 22/28 MP: 3/17
   738 | D        | Reached skill level 8 in Spellcasting
   738 | D        | Reached skill level 10 in Summonings
   973 | D        | Found a radiant altar of Vehumet.
   973 | D        | Found a shimmering blue altar of Sif Muna.
   973 | D        | Found an ancient bone altar of Kikubaaqudgha.
   988 | D        | Reached skill level 1 in Hexes
  1042 | D        | Became a worshipper of Sif Muna the Loreminder
  1115 | D        | Found a glowing silver altar of Zin.
  1115 | D        | Found a glowing golden altar of the Shining One.
  1115 | D        | Found a white marble altar of Elyvilon.
  1115 | D        | Noticed a deep elf pyromancer
  1120 | D        | Killed a deep elf pyromancer
  1121 | D        | Reached skill level 12 in Spellcasting
  1121 | D        | Reached XP level 6. HP: 32/32 MP: 13/23
  1121 | D        | Reached XP level 7. HP: 36/36 MP: 13/24
  1121 | D        | Found a hide-covered altar of Uskayaw.
  1121 | D        | Found an iron altar of Okawaru.
  1121 | D        | Found a bloodstained altar of Trog.
  1121 | D        | Found an ornate altar of the Wu Jian Council.
  1121 | D        | Noticed a human
  1121 | D        | Noticed a human
  1122 | D        | Killed a human
  1123 | D        | Reached skill level 5 in Stealth
  1123 | D        | Reached skill level 13 in Spellcasting
  1123 | D        | Killed a human
  1123 | D        | Reached * piety under Sif Muna
  1280 | D        | Learned a level 7 spell: Summon Hydra
  1280 | D        | Noticed a nameless horror
  1291 | D        | Killed a nameless horror
  1558 | D        | Noticed a shadow
  1561 | D        | Killed a shadow
  1562 | D        | Reached skill level 14 in Spellcasting
  1562 | D        | Reached XP level 8. HP: 41/41 MP: 10/28
  1649 | D        | Found a blossoming altar of Fedhas.
  1649 | D        | Found a stormy altar of Qazlal.
  1649 | D        | Found a snail-covered altar of Cheibriados.
  1649 | D        | Found a burning altar of Makhleb.
  1649 | D        | Found a shimmering altar of Xom.
  1656 | D        | Found a hazy altar of Hepliaklqana.
  1656 | D        | Found an opulent altar of Gozag.
  1656 | D        | Found a sparkling altar of Nemelex Xobeh.
  1656 | D        | Found a corrupted altar of Lugonu.
  1656 | D        | Found a viscous altar of Jiyva.
  1667 | D        | Reached ** piety under Sif Muna
  1725 | D        | Reached skill level 15 in Spellcasting
  1761 | D        | Noticed a two-headed ogre
  1795 | D        | Killed a two-headed ogre
  1795 | D        | Reached *** piety under Sif Muna
  1796 | D        | Reached skill level 5 in Hexes
  1894 | D        | Noticed Erolcha
  1990 | D        | Noticed a two-headed ogre
  1998 | D        | Killed Erolcha
  1999 | D        | Reached skill level 16 in Spellcasting
  1999 | D        | Reached skill level 5 in Air Magic
  1999 | D        | Reached XP level 9. HP: 46/46 MP: 23/31
  2046 | D        | Reached skill level 15 in Summonings
  2067 | D        | Killed a two-headed ogre
  2068 | D        | Reached skill level 17 in Spellcasting
  2211 | D        | Reached **** piety under Sif Muna
  2220 | D        | Noticed a wandering mushroom
  2234 | D        | Noticed a wandering mushroom
  2239 | D        | Noticed a wandering mushroom
  2250 | D        | Killed a wandering mushroom
  2257 | D        | Killed a wandering mushroom
  2360 | D        | Noticed a cane toad
  2360 | D        | Noticed a komodo dragon
  2360 | D        | Noticed a cane toad
  2364 | D        | Killed a cane toad
  2364 | D        | Reached ***** piety under Sif Muna
  2365 | D        | Reached skill level 1 in Fighting
  2365 | D        | Reached skill level 18 in Spellcasting
  2366 | D        | Killed a cane toad
  2367 | D        | Reached XP level 10. HP: 52/52 MP: 20/34
  2470 | D        | Reached skill level 19 in Spellcasting
  2489 | D        | Received a gift from Sif Muna
  2515 | D        | Noticed a lindwurm
  2543 | D        | Slain by a redback

Illustrated notes

Levels and vault maps discovered:
D:        dungeon_sprint_mu [sprint_mu_entry_forest, sprint_mu_temple_rooms,
          sprint_mu_d1_spiders, sprint_mu_d2_genie, sprint_mu_d3_branching,
          sprint_mu_orc_legion, sprint_mu_elf_gauntlet, sprint_mu_hive_nellie,
          sprint_mu_lair_fedhas, sprint_mu_vaults_butterflies,
          sprint_mu_slime_circle, sprint_mu_swamp_cave, sprint_mu_snake_twists,
          sprint_mu_blade_basic, sprint_mu_crypt_chambers,
          sprint_mu_tomb_spiral, sprint_mu_vestibule_basic,
          sprint_mu_gehenna_hellfire, sprint_mu_dis_giant,
          sprint_mu_tartarus_statrot, sprint_mu_cocytus_islands, sprint_mu_zot1]

Skill      XL: |  1  2  3  4  5  6  7  8  9 10 |
---------------+-------------------------------+-----
Summonings     | 6 7 8 9 12 13 14 16 17 | 17.1
Spellcasting   | 4 6 7 12 14 16 18 19 | 19.4
Dodging        | 3 4 |  4.7
Stealth        | 3 4 5 6 |  6.7
Unarmed Combat | 1 2 3 |  3.4
Hexes          | 3 4 6 7 8 |  8.0
Air Magic      | 2 3 5 6 7 |  7.0
Fighting       | 1 |  1.0

Action                   |  1- 3 |  4- 6 |  7- 9 | 10-12 || total
-------------------------+-------+-------+-------+-------++-------
Melee: Unarmed           |    10 |       |    11 |       ||    21
 Cast: Summon Small Mamm |    12 |     3 |     4 |       ||    19
       Call Imp          |     2 |     2 |     1 |       ||     5
       Summon Guardian G |     1 |     4 |    11 |     2 ||    18
       Call Canine Famil |     1 |     2 |     6 |     1 ||    10
       Summon Lightning  |       |     4 |    15 |     3 ||    22
       Summon Hydra      |       |       |     1 |     3 ||     4
  Use: Potion            |     1 |       |     4 |     1 ||     6
       Scroll            |       |       |     1 |       ||     1
 Stab: Distracted        |       |       |     1 |       ||     1
Armor: Robe              |     1 |       |       |     1 ||     2
Dodge: Dodged            |     6 |       |     7 |     7 ||    20

Table legend: (Time is in decaauts)
 A = Elapsed time spent in this place.
 B = Non-inter-level travel time spent in this place.
 C = Inter-level travel time spent in this place.
 D = Time resting spent in this place.
 E = Time spent auto-exploring this place.
 F = Levels seen in this place.
 G = Mean time per level.
                   A        B        C        D        E       F      G
               +--------+--------+--------+--------+--------+-----+--------+
         Total |   2572 |   2572 |      0 |   1838 |     38 |   1 | 2572.0 |
       Dungeon |   2572 |   2572 |      0 |   1838 |     38 |   1 | 2572.0 |
               +--------+--------+--------+--------+--------+-----+--------+

Top non-repeatable levels by time:
       D: 2572 daAuts
